 Dungeon Crawl Stone Soup version 0.31-a0-459-gc8a9bf3d51 (webtiles) character file.

Game seed: 11406362686310728717

448 Ethylacetat the Insei (level 7, -5/37 HPs)
             Began as a Vine Stalker Monk on Aug 4, 2023.
             Was a Believer of Qazlal.
             Slain by Pikel
             ... wielding a +0 whip of flaming
              (8 damage)
             ... on level 4 of the Dungeon.
             The game lasted 00:03:39 (2385 turns).

Ethylacetat the Insei (Vine Stalker Monk)           Turns: 2385, Time: 00:03:40

Health: -5/37      AC:  7    Str: 14    XL:     7   Next: 3%
Magic:  0/12       EV: 10    Int: 10    God:    Qazlal [**....]
Gold:   196        SH:  2    Dex: 18    Spells: 12/12 levels left

rFire   . .          .
                       - Unarmed
rCold   . . .        c - orb {light}
rNeg    . . .        p - +0 scale mail
rPois   .            (no helmet)
rElec   .            g - +0 cloak
rCorr   .            (no gloves)
SInv    .            (no boots)
Will    .....        (no amulet) Stlth
                     (no ring)
HPRegen 1.06/turn    (no ring)
MPRegen 0.13/turn

%: guardian spirit
@: mighty, brilliant, glowing
A: fangs 2, regeneration 1, magic shield, antimagic bite, no potion heal 2
a: Renounce Religion, Upheaval


You were on level 4 of the Dungeon.
You worshipped Qazlal.
Qazlal was pleased with you.
You visited 1 branch of the dungeon, and saw 4 of its levels.

You collected 196 gold pieces.

Inventory:

Armour
 c - an orb of light (worn)
 g - a +0 cloak (worn)
 p - a +0 scale mail (worn)
Scrolls
 a - a scroll of amnesia {unknown}
 d - 2 scrolls of blinking {unknown}
 e - a scroll of fear {unknown}
 f - 3 scrolls of identify {unknown}
 j - a scroll of fog {unknown}
 k - a scroll of enchant armour {unknown}
 l - a scroll of teleportation {unknown}
 m - a scroll of revelation {unknown}
 n - a scroll of brand weapon {unknown}
 r - a scroll of vulnerability {unknown}
 s - a scroll of noise {unknown}
 t - a scroll of immolation {unknown}
Potions
 b - a potion of ambrosia
 i - a potion of magic {unknown}
 o - a potion of brilliance
 q - a potion of might


   Skills:
 + Level 4.2 Fighting
 - Level 2.4 Dodging
 * Level 5.8 Unarmed Combat
 + Level 3.2 Spellcasting


You had 12 spell levels left.
You didn't know any spells.
Your spell library contained the following spells:

 Spells                   Type           Power      Damage    Failure   Level
 Apportation              Tloc           4%         N/A       77%         1
 Slow                     Hex            8%         N/A       77%         1
 Confusing Touch          Hex            2%         N/A       98%         3
 Vampiric Draining        Necr           2%         2d6       98%         3
 Alistair's Intoxication  Tmut/Pois      1%         N/A       100%        5


Dungeon Overview and Level Annotations

Branches:
Dungeon (4/15)
 Temple: D:4-7

Altars:
Dithmenos
Qazlal
Uskayaw
Xom

Annotations:
D:4 Pikel


Innate Abilities, Weirdness & Mutations

You have extremely sharp teeth.
Your natural rate of healing is unusually fast.
When hurt, damage is shared between your health and your magic reserves.
Your bite disrupts and absorbs the magic of your enemies.
Potions cannot restore your health.


Message History

Pikel is lightly wounded.
Pikel hits you but does no damage.
You hit Pikel.
Pikel is moderately wounded.
Pikel hits you with a +0 whip of flaming!
Pikel burns you.
You barely miss Pikel. Your bite misses Pikel.
Pikel is moderately wounded.
Pikel closely misses you.
You hit Pikel. You bite Pikel. You drain his power.
You feel invigorated.
Pikel is heavily wounded.
Pikel hits you with a +0 whip of flaming!
Pikel burns you.
* * * LOW HITPOINT WARNING * * *
You barely miss Pikel. Your bite misses Pikel.
Pikel is heavily wounded.
The lemure hits you.
* * * LOW HITPOINT WARNING * * *
Pikel hits you with a +0 whip of flaming.
* * * LOW HITPOINT WARNING * * *
Pikel burns you.
* * * LOW HITPOINT WARNING * * *
It was a potion of heal wounds.
That seemed strangely inert.
Pikel hits you with a +0 whip of flaming.
* * * LOW HITPOINT WARNING * * *
Pikel burns you.
* * * LOW HITPOINT WARNING * * *
The lemure hits you.
* * * LOW HITPOINT WARNING * * *
It was a potion of brilliance.
You feel clever all of a sudden. The lemure hits you but does no damage.
Pikel hits you with a +0 whip of flaming.
* * * LOW HITPOINT WARNING * * *
Pikel burns you.
It was a potion of might.
You feel very mighty all of a sudden. You block the lemure's attack.
Pikel hits you with a +0 whip of flaming!
You die...

#############
............#
#.......##.#####
#.......##.....
#........#..######
#................#
#.....5..K...5##.#
#.......##..#K##.# .#
##.#.#####..#@##.##.#
#.#.5#####..#5##..#.##
##..................
..###...........##
.... #..#.........#
#...............<.##
##
##...##..#####...#...#
#.# #.. $..###.. ##..#
# # #.# #.#########.
##.# #.#


You could see Pikel and 2 lemures.

Vanquished Creatures
  Sigmund (D:4)
  Menkaure (D:4)
  A lemure (D:4)
  Jessica (D:2)
  6 adders
  2 worms
  2 dart slugs
  6 orcs (D:3)
  7 endoplasms
  3 giant cockroaches
  5 goblins
  6 hobgoblins
  3 jackals (D:2)
  7 kobolds
  3 quokkas (D:1)
  4 ball pythons
  5 bats
  A frilled lizard (D:2)
  5 rats
69 creatures vanquished.

Notes
Turn   | Place    | Note
-------+----------+-------------------------------------------
     0 | D:1      | Ethylacetat the Vine Stalker Monk began the quest for the
                  | Orb.
     0 | D:1      | Reached XP level 1. HP: 11/11 MP: 2/2
   162 | D:1      | Reached XP level 2. HP: 16/16 MP: 3/3
   910 | D:2      | Reached skill level 1 in Spellcasting
   910 | D:2      | Reached XP level 3. HP: 1/20 MP: 1/5
   912 | D:2      | HP: 1/20 [hobgoblin (1)]
  1207 | D:2      | Noticed Jessica
  1217 | D:2      | Killed Jessica
  1218 | D:2      | Reached skill level 4 in Unarmed Combat
  1218 | D:2      | Gained mutation: Your natural rate of healing is unusually
                  | fast. [Vine Stalker growth]
  1218 | D:2      | Reached XP level 4. HP: 15/24 MP: 4/7
  1250 | D:2      | Found a shimmering altar of Xom.
  1621 | D:3      | Found a hide-covered altar of Uskayaw.
  1638 | D:3      | Reached XP level 5. HP: 21/28 MP: 5/8
  1852 | D:3      | Noticed a fire elemental
  1855 | D:3      | Found a stormy altar of Qazlal.
  1857 | D:3      | Noticed a water elemental
  1857 | D:3      | Noticed an air elemental
  1875 | D:3      | Became a worshipper of Qazlal Stormbringer
  1875 | D:3      | Reached * piety under Qazlal
  1875 | D:3      | Reached ** piety under Qazlal
  2170 | D:4      | Found a shadowy altar of Dithmenos.
  2224 | D:4      | Noticed Menkaure
  2238 | D:4      | Killed Menkaure
  2239 | D:4      | Reached skill level 5 in Unarmed Combat
  2239 | D:4      | Reached XP level 6. HP: 13/33 MP: 9/11
  2285 | D:4      | Noticed Sigmund
  2291 | D:4      | Killed Sigmund
  2292 | D:4      | Reached XP level 7. HP: 37/37 MP: 12/12
  2347 | D:4      | Noticed Pikel
  2385 | D:4      | Slain by Pikel

Illustrated notes

Levels and vault maps discovered:
D:1:      minmay_arrival_stone_box, layout_loops_corners, serial_park_tiny_2,
          hangedman_decor_points, nicolae_twisty_statue_hallways
D:2:      layout_rooms, basic_altar, uniq_jessica
D:3:      layout_rooms, mainiacjoe_overflow_tiny_flanked,
          nicolae_qazlal_style_of_elements, minmay_misc_feat_tiny
D:4:      layout_loops_ring, mainiacjoe_overflow_cross_hatched,
          mainiacjoe_overflow_24_doors, uniq_sigmund, uniq_menkaure, uniq_pikel

Skill      XL: |  1  2  3  4  5  6 |
---------------+-------------------+-----
Fighting       | 3 4 |  4.2
Spellcasting   | 1 2 3 |  3.2
Unarmed Combat | 4 5 |  5.8
Dodging        | |  2.4

Action                     |  1- 3 |  4- 6 |  7- 9 || total
---------------------------+-------+-------+-------++-------
  Melee: Unarmed           |    79 |    88 |    21 ||   188
         Bite              |    25 |    19 |     9 ||    53
    Use: Potion            |     2 |       |     3 ||     5
 Armour: Robe              |    13 |     3 |       ||    16
         Scale mail        |       |    36 |     7 ||    43
  Dodge: Dodged            |    60 |    46 |     7 ||   113
  Block: Orb               |       |     2 |     3 ||     5

Table legend: (Time is in decaauts)
 A = Elapsed time spent in this place.
 B = Non-inter-level travel time spent in this place.
 C = Inter-level travel time spent in this place.
 D = Time resting spent in this place.
 E = Time spent auto-exploring this place.
 F = Levels seen in this place.
 G = Mean time per level.
                   A        B        C        D        E       F      G
               +--------+--------+--------+--------+--------+-----+--------+
         Total |   2370 |   2320 |     50 |     10 |   1867 |   4 |  592.5 |
       Dungeon |   2370 |   2320 |     50 |     10 |   1867 |   4 |  592.5 |
               +--------+--------+--------+--------+--------+-----+--------+

Top non-repeatable levels by time:
     D:1: 896 daAuts
     D:2: 614 daAuts
     D:3: 505 daAuts
     D:4: 354 daAuts
